 Dungeon Crawl Stone Soup version 0.32-a0-938-g40ac7a0f4d (webtiles) character file.

Game seed: 17010931978425672695

101 BlackSun the Chopper (level 4, -6/33 (35) HPs)
             Began as a Human Chaos Knight on Apr 15, 2024.
             Mangled by Crazy Yiuf the iguana (10 damage)
             ... on level 2 of the Dungeon.
             The game lasted 00:02:28 (1739 turns).

BlackSun the Chopper (Human Chaos Knight)           Turns: 1739, Time: 00:02:29

HP:   -6/33 (35)    AC:  5    Str: 13 (14) XL:     4   Next: 75%
MP:   4/4           EV: 10    Int: 12      God:
Gold: 142           SH:  0    Dex: 13      Spells: 3/3 levels left

rFire   . . .        a - +0 hand axe (chaos)
rCold   . . .        (no shield)
rNeg    . . .        b - +2 leather armour
rPois   .            (helmet restricted)
rElec   .            (no cloak)
rCorr   .            (no gloves)
SInv    +            (no boots)
Will    .....        (no amulet)
Stlth   +            v - ring of see invisible
HPRegen 0.25/turn    (no ring)
MPRegen 0.09/turn

%: no passive effects
@: drained
A: explore regen, horns 1, deterioration 1
a: no special abilities


You were on level 2 of the Dungeon.
You visited 1 branch of the dungeon, and saw 2 of its levels.

You collected 142 gold pieces.

Inventory:

Hand Weapons
 a - a +0 hand axe of chaos (weapon)
Missiles
 l - a throwing net {=f!f}
Armour
 b - a +2 leather armour (worn)
Jewellery
 v - a ring of see invisible (left hand)
 F - a ring of protection from fire
Scrolls
 c - a scroll of butterflies
 d - a scroll of amnesia {unknown}
 e - 3 scrolls of identify {unknown}
 f - 2 scrolls of poison {unknown}
 g - a scroll of enchant weapon {unknown}
 i - a scroll of noise {unknown}
Potions
 h - a potion of might {unknown}
 j - a potion of curing {unknown}
 k - 2 potions of cancellation {unknown}


   Skills:
 - Level 3.0 Fighting
 + Level 5.3 Axes
 - Level 2.0 Armour
 - Level 1.0 Dodging


You had 3 spell levels left.
You didn't know any spells.
Your spell library contained the following spells:

 Spells                   Type           Power      Damage    Failure   Level
 Blink                    Tloc           0%         N/A       54%         2
 Lesser Beckoning         Tloc           0%         N/A       54%         2
 Momentum Strike          Conj/Tloc      0%         3d8       54%         2
 Tukima's Dance           Hex            0%         N/A       77%         3
 Dimensional Bullseye     Hex/Tloc       0%         N/A       99%         4
 Iskenderun's Mystic Bla Conj/Tloc 0%             2d3        (+2d1     99%         4


Dungeon Overview and Level Annotations

Branches:
Dungeon (2/15)

Altars:
Fedhas

Annotations:
D:2 Crazy Yiuf


Innate Abilities, Weirdness & Mutations

You regain HP and MP as you explore.
You have a pair of small horns on your head.
Your body sometimes deteriorates upon taking damage.


Message History

You hit the endoplasm but do no damage. You headbutt the endoplasm.
You kill the endoplasm!
No target in view!
No target in view!
No target in view!
No target in view!
No target in view!
No target in view!
No target in view!
You now have 135 gold pieces (gained 13).
Found a blossoming altar of Fedhas.
There is a blossoming altar of Fedhas here.
You see here a +0 dagger.
You now have 142 gold pieces (gained 7).
Key pressed, stopping explore.
Found a stone staircase leading down.
Key pressed, stopping explore.
There is a stone staircase leading down here.
Key pressed, stopping explore.
You see here a ball python skeleton.
You see here a +0 spear.
Key pressed, stopping explore.
Found a runed translucent door.
Crazy Yiuf shouts!
Key pressed, stopping explore.
You see here a +0 club.
Key pressed, stopping explore.
There is a stone staircase leading up here.
Key pressed, stopping explore.
You see here a +0 leather armour.
Key pressed, stopping explore.
Crazy Yiuf shouts!
Could not explore, unopened runed door.
Could not explore, unopened runed door.
Could not explore, unopened runed door.
As you open the door, it creaks loudly!
You barely miss Crazy Yiuf. You headbutt Crazy Yiuf.
Crazy Yiuf hits you with a +4 quarterstaff of chaos!
You are electrocuted!
* * * LOW HITPOINT WARNING * * *
Your body deteriorates!
You feel weakened.
You barely miss Crazy Yiuf. Your headbutt misses Crazy Yiuf.
Crazy Yiuf hits you with a +4 quarterstaff of chaos.
* * * LOW HITPOINT WARNING * * *
You hit Crazy Yiuf.
Crazy Yiuf evaporates and reforms as an iguana!
You hit Crazy Yiuf. You burn Crazy Yiuf. Your headbutt misses Crazy Yiuf.
Crazy Yiuf closely misses you.
You hit Crazy Yiuf but do no damage. Crazy Yiuf bites you!
You die...

.........................<.....##
....##......#............#.#####.
....#......................# #.
........################...#####.
..#.#..## #...#.....
..#.#..###♣♣♣♣♣ #.#.#.###.
....#.......♣.♣♣♣ ### #.#.#.....
......#......♣..♣#...# #...##.##.
............♣♣♣♣@l...# #.####.##.
...........♣♣ ♣♣#..)# #.........
.......###♣♣ ### #.........
........# #......... .......##
#.........
.....[.#################.........
.###.####........#..#......>.....
..........#......#..#....##.#.#..
####.####........................


You could see Crazy Yiuf the iguana.

Vanquished Creatures
  Terence (D:2)
  An adder (D:2)
  A ribbon worm (D:2)
  8 bats
  8 endoplasms
  5 giant cockroaches
  5 goblins
  5 hobgoblins
  2 jackals (D:1)
  5 ball pythons
  5 frilled lizards
  5 kobolds
  9 rats
60 creatures vanquished.

Notes
Turn   | Place    | Note
-------+----------+-------------------------------------------
     0 | D:1      | BlackSun the Human Chaos Knight began the quest for the
                  | Orb.
     0 | D:1      | Reached XP level 1. HP: 18/18 MP: 1/1
     0 | D:1      | Fell from the grace of Xom
     3 | D:1      | Noticed an octopode
     3 | D:1      | Noticed a felid
     5 | D:1      | Noticed a human
     5 | D:1      | Noticed a tengu
     7 | D:1      | Noticed a demonspawn
     7 | D:1      | Noticed a merfolk
     9 | D:1      | Noticed a troll
     9 | D:1      | Noticed an elf
    11 | D:1      | Noticed a ghoul
    11 | D:1      | Noticed a demigod
    13 | D:1      | Noticed a minotaur
    15 | D:1      | Noticed a draconian
    15 | D:1      | Noticed a vampire
    17 | D:1      | Noticed a spriggan
    17 | D:1      | Noticed a naga
    19 | D:1      | Noticed an oni
    19 | D:1      | Noticed an armataur
    21 | D:1      | Noticed a djinni
    21 | D:1      | Noticed a formicid
    23 | D:1      | Noticed a gargoyle
    25 | D:1      | Noticed a barachi
    27 | D:1      | Noticed a vine stalker
    27 | D:1      | Noticed a dwarf
   105 | D:1      | Reached XP level 2. HP: 21/24 MP: 2/2
   212 | D:1      | Reached skill level 4 in Axes
   256 | D:1      | Reached XP level 3. HP: 29/29 MP: 3/3
   274 | D:1      | Found a faded altar of an unknown god.
   282 | D:1      | XOM: noise
   794 | D:1      | XOM: give mutations
   794 | D:1      | Gained mutation: Your body sometimes deteriorates upon
                  | taking damage. [Xom's mischief]
   794 | D:1      | Gained mutation: You have a pair of small horns on your
                  | head. [Xom's mischief]
   878 | D:2      | Noticed Terence
   885 | D:2      | Killed Terence
   886 | D:2      | Reached XP level 4. HP: 17/35 MP: 4/4
   889 | D:2      | Reached skill level 5 in Axes
  1339 | D:2      | Found a blossoming altar of Fedhas.
  1562 | D:2      | Found a runed translucent door.
  1563 | D:2      | Noticed Crazy Yiuf
  1737 | D:2      | Crazy Yiuf changed into Crazy Yiuf the iguana
  1737 | D:2      | Noticed Crazy Yiuf
  1739 | D:2      | Mangled by Crazy Yiuf the iguana

Illustrated notes

Levels and vault maps discovered:
D:1:      kb_arrival_jail, layout_basic, shapermc_ecumenical_altar_gd,
          minmay_misc_feat_nine_boxes
D:2:      layout_basic, basic_altar, uniq_crazy_yiuf_cottage, uniq_terence

Skill      XL: |  1  2  3  4 |
---------------+-------------+-----
Axes           | 4 5 |  5.3
Fighting       | |  3.0
Armour         | |  2.0
Dodging        | |  1.0

Action                     |  1- 3 |  4- 6 || total
---------------------------+-------+-------++-------
  Melee: Hand axe          |    99 |    44 ||   143
         Headbutt          |     2 |    10 ||    12
 Invoke: Renounce Religion |     1 |       ||     1
   Stab: Sleeping          |     1 |       ||     1
 Armour: Leather armour    |    72 |    29 ||   101
  Dodge: Dodged            |    44 |    18 ||    62

Table legend: (Time is in decaauts)
 A = Elapsed time spent in this place.
 B = Non-inter-level travel time spent in this place.
 C = Inter-level travel time spent in this place.
 D = Time resting spent in this place.
 E = Time spent auto-exploring this place.
 F = Levels seen in this place.
 G = Mean time per level.
                   A        B        C        D        E       F      G
               +--------+--------+--------+--------+--------+-----+--------+
         Total |   1750 |   1712 |     38 |     60 |   1314 |   2 |  875.0 |
       Dungeon |   1750 |   1712 |     38 |     60 |   1314 |   2 |  875.0 |
               +--------+--------+--------+--------+--------+-----+--------+

Top non-repeatable levels by time:
     D:2: 895 daAuts
     D:1: 854 daAuts
